 Dungeon Crawl Stone Soup version 0.21-a0-344-g2144152 (webtiles) character file.

99 tidbits the Sneak (level 4, 19/19 HPs)
             Began as a Felid Transmuter on Oct 4, 2017.
             Quit the game in a sewer.
             The game lasted 00:08:09 (1330 turns).

tidbits the Sneak (Felid Transmuter)                Turns: 1330, Time: 00:08:10

Health: 19/19      AC:  1    Str:  6    XL:     4   Next: 45%
Magic:  8/8        EV: 18    Int: 15    God:
Gold:   103        SH:  0    Dex: 17    Spells: 1/7 levels left
                                        Lives:  0   Deaths: 1

rFire    . . .     SeeInvis +     - Unarmed
rCold    . . .     Gourm    .   (shield unavailable)
rNeg     . . .     Faith    .   (armour unavailable)
rPois    .         Spirit   .   (helmet unavailable)
rElec    .         Reflect  .   (cloak unavailable)
rCorr    .         Harm     .   (gloves unavailable)
MR       .....                  (boots unavailable)
Stlth    ++++......             (no amulet)
HPRegen  0.06/turn              (no ring)
MPRegen  0.11/turn              (no ring)

@: quick
A: no armour, no weapons or thrown items, stealth, claws 1, fangs 3, see
invisible, carnivore 3, speed 1, shaggy fur 1, slow metabolism 1, sharp paws
a: no special abilities


You were in a sewer.
You were not hungry.

You visited 1 branch of the dungeon, and saw 6 of its levels.
You also visited: Sewer.

You collected 103 gold pieces.

Inventory:

Missiles
 a - 32 arrows
Wands
 m - a wand of flame (11/48)
Scrolls
 d - a scroll of remove curse {unknown}
 e - a scroll of enchant weapon {unknown}
 g - a scroll of magic mapping {unknown}
 h - a scroll of random uselessness {unknown}
 l - a scroll of immolation
 n - a scroll of identify {unknown}
Books
 b - a book of Changes

   Spells                             Type                      Level
   a - Beastly Appendage              Transmutation                1
   b - Sticks to Snakes               Transmutation                2
   c - Spider Form                    Transmutation/Poison         3
   d - Ice Form                       Ice/Transmutation            4
   e - Blade Hands                    Transmutation                5
 o - a book of Callings
   (You found it on level 5 of the Dungeon)

   Spells                             Type                      Level
   a - Summon Small Mammal            Summoning                    1
   b - Call Imp                       Summoning                    2
   c - Call Canine Familiar           Summoning                    3
   d - Summon Guardian Golem          Hexes/Summoning              3
   e - Summon Lightning Spire         Summoning/Air                4
   f - Summon Ice Beast               Ice/Summoning                4
Comestibles
 c - 4 meat rations
 f - 2 royal jellies


   Skills:
 - Level 1.0 Fighting
 - Level 2.7 Dodging
 - Level 6.1 Stealth
 + Level 4.3 Unarmed Combat
 - Level 2.0 Spellcasting
 - Level 2.2 Transmutations


You had one spell level left.
You knew the following spells:

 Your Spells              Type           Power        Failure   Level  Hunger
e - Beastly Appendage     Tmut           #.....       9%          1    #......
k - Sticks to Snakes      Tmut           #.......     14%         2    ###....
p - Spider Form           Tmut/Pois      #.........   38%         3    ###....


Dungeon Overview and Level Annotations

Branches:
Dungeon (6/15)
 Temple: D:4-7

Altars:
Trog

Annotations:
D:6 Prince Ribbit


Innate Abilities, Weirdness & Mutations

You cannot wear armour.
You are incapable of wielding weapons or throwing items.
Your paws allow you to move quietly. (Stealth)
You have sharp claws.
You have razor-sharp teeth.
You have supernaturally acute eyesight. (SInv)
You are carnivorous and can eat meat at any time.
You cover ground quickly.
You are covered in fur. (AC +1)
You have a slow metabolism.
Your sharp claws are effective at attacking unaware monsters.


Message History

You closely miss the jackal. Your bite misses the jackal.
You feel sick. The jackal closely misses you.
Your ball python misses the jackal.
Your ball python closely misses the jackal.
The jackal closely misses you.
You scratch the jackal. You bite the jackal.
The jackal is severely wounded.
Your ball python bites the jackal but does no damage.
Your ball python barely misses the jackal.
The jackal bites your ball python.
You scratch the jackal.
You kill the jackal!
* * * LOW HITPOINT WARNING * * *
You feel sick.
You miss the jackal.
* * * LOW HITPOINT WARNING * * *
You feel sick. The jackal misses you.
Your ball python bites the jackal but does no damage.
Your ball python grabs the jackal.
Your ball python constricts the jackal.
You aren't carrying any potions.
Unknown command.
* * * LOW HITPOINT WARNING * * *
You feel sick. The jackal misses your ball python.
Your ball python bites the jackal but does no damage.
Your ball python constricts the jackal.
The jackal barely misses your ball python.
Your ball python bites the jackal.
Your ball python constricts the jackal.
The jackal struggles to escape constriction.
There is a gate leading back out of this place here.
* * * LOW HITPOINT WARNING * * *
You feel sick.
Your ball python bites the jackal but does no damage.
Your ball python constricts the jackal.
The jackal struggles to escape constriction.
Your ball python bites the jackal.
The jackal dies!
The kobold shoots a poisoned needle.
The poisoned needle hits your ball python!
Your ball python is poisoned.
* * * LOW HITPOINT WARNING * * *
You feel sick.
Your ball python closely misses the kobold.
Your ball python grabs the kobold.
Your ball python constricts the kobold.
The kobold unwields an uncursed blowgun.
The kobold wields an uncursed dagger.
The kobold hits you but does no damage.
Things that are here:
a poisoned needle; a jackal corpse; a kobold corpse You scratch the kobold.
The kobold is heavily wounded.
Your ball python dies!
* * * LOW HITPOINT WARNING * * *
You feel sick.
The kobold unwields an uncursed dagger.
The kobold wields an uncursed blowgun.
The kobold shoots a poisoned needle.
The poisoned needle hits you!
You are more poisoned.
You see here a poisoned needle.
Casting: Sticks to Snakes
Confirm with . or Enter, or press ? or * to list all spells.
You create a snake!
You now have 32 arrows.
* * * LOW HITPOINT WARNING * * *
You feel sick. The kobold closely misses you.
The kobold shoots a poisoned needle.
The poisoned needle hits you.
You are more poisoned.
You scratch the kobold.
The kobold is moderately wounded.
* * * LOW HITPOINT WARNING * * *
You feel sick. The kobold closely misses you.
The kobold shoots a poisoned needle.
The poisoned needle closely misses your adder.
The poisoned needle barely misses you.
You closely miss the kobold.
The kobold is moderately wounded.
* * * LOW HITPOINT WARNING * * *
You feel sick.
Your adder barely misses the kobold.
The kobold unwields an uncursed blowgun.
The kobold wields an uncursed dagger.
The kobold barely misses your adder. The kobold completely misses you.
You closely miss the kobold.
The kobold is moderately wounded.
* * * LOW HITPOINT WARNING * * *
You feel sick.
Your adder barely misses the kobold.
The kobold barely misses you.
You closely miss the kobold.
The kobold is moderately wounded.
* * * LOW HITPOINT WARNING * * *
You feel sick.
Your adder bites the kobold.
The kobold dies!
You hear a splash. x3
You barely miss the kobold.
The kobold is moderately wounded.
* * * LOW HITPOINT WARNING * * *
You feel sick.
Your adder closely misses the kobold.
The kobold closely misses you.
Your adder misses the kobold. You scratch the kobold.
The kobold is heavily wounded.
You die...
You feel sick. The kobold hits you but does no damage.
Your adder barely misses the kobold.
You are now level 4!
You rejoin the land of the living...
Are you sure you want to abandon this character and quit the game? (Confirm with "yes".)

#.. #.. # #≈.##
.# ...# ..#
#.≈## .≈#
.≈.#.≈.#
#≈..≈.# #@....#
##.≈≈## ...#
#.## #.#
####.####
####..≈.(..####
≈≈≈≈≈≈≈)≈≈≈≈≈≈#
##...KS..####


There were no monsters in sight!

Vanquished Creatures
  An ogre (D:4)
  A wight (D:5)
  A worker ant (D:5)
  4 adders
  3 leopard geckos (D:5)
  4 giant cockroaches
  A hobgoblin (D:1)
  3 jackals
  2 ball pythons
  A bat (D:2)
  4 frilled lizards
  4 goblins
  A jackal skeleton (D:5)
  2 kobolds
  A rat (D:2)
33 creatures vanquished.

Vanquished Creatures (collateral kills)
  A jackal (Sewer)
  A kobold (Sewer)
  A frilled lizard (D:4)
  A rat (D:2)
4 creatures vanquished.

Grand Total: 37 creatures vanquished

Notes
Turn   | Place    | Note
-------+----------+-------------------------------------------
     0 | D:1      | tidbits the Felid Transmuter began the quest for the Orb.
     0 | D:1      | Reached XP level 1. HP: 9/9 MP: 4/4
    23 | D:2      | Reached skill level 1 in Stealth
    69 | D:2      | Reached skill level 2 in Stealth
    69 | D:2      | Reached XP level 2. HP: 12/12 MP: 4/6
   158 | D:1      | Reached skill level 3 in Stealth
   308 | D:2      | Learned a level 2 spell: Sticks to Snakes
   419 | D:3      | Reached skill level 4 in Stealth
   419 | D:3      | Reached XP level 3. HP: 13/15 MP: 7/7
   490 | D:4      | Noticed an ogre
   499 | D:4      | Killed an ogre
   499 | D:4      | Reached skill level 6 in Stealth
   499 | D:4      | Reached XP level 4. HP: 17/19 MP: 2/8
   734 | D:5      | Entered Level 5 of the Dungeon
   824 | D:6      | Noticed Prince Ribbit
   824 | D:6      | Noticed a slave
   848 | D:5      | Reached XP level 5. HP: 22/22 MP: 4/9
   976 | D:5      | Found a bloodstained altar of Trog.
   978 | D:5      | Reached skill level 4 in Unarmed Combat
   996 | D:5      | Learned a level 3 spell: Spider Form
  1134 | D:5      | Found a glowing drain.
  1167 | D:5      | HP: 2/22 [leopard gecko (4)]
  1197 | Sewer    | Entered a sewer
  1327 | Sewer    | HP: 2/22 [poisoned by a kobold]
  1329 | Sewer    | Succumbed to a kobold's poison
  1330 | Sewer    | Reached XP level 4. HP: 0/19 MP: 1/8
  1330 | Sewer    | Quit the game

Vault maps used:
D:1:      dpeg_arrival_simpleton_b, minmay_misc_feat_tower,
          minmay_misc_feat_doors, hangedman_decor_push
D:2:      chequers_ecumenical_altar_simple_redux
D:4:      serial_shops, nicolae_shop_stone, first_bread,
          kennysheep_generic_room_11
D:5:      minmay_temple_entry_enclosed_plants, portal_sewer_entry_f, bloody_trog
D:6:      serial_shops, kennysheep_mini, uniq_prince_ribbit1, uniq_pikel
Sewer:    sewer_the_crocodile

Skill      XL: |  1  2  3  4  5 |
---------------+----------------+-----
Stealth        | 2 4 6 |  6.1
Unarmed Combat | 4 |  4.3
Fighting       | |  1.0
Dodging        | |  2.7
Spellcasting   | |  2.0
Transmutations | |  2.2

Action                   |  1- 3 |  4- 6 || total
-------------------------+-------+-------++-------
Melee: Unarmed           |    38 |    47 ||    85
       Bite              |     2 |     4 ||     6
       Headbutt          |     2 |     2 ||     4
 Cast: Beastly Appendage |     7 |     6 ||    13
       Sticks to Snakes  |     4 |     8 ||    12
       Spider Form       |       |     2 ||     2
Evoke: Wand              |       |     2 ||     2
  Use: Potion            |     2 |     3 ||     5
       Scroll            |       |     1 ||     1
 Stab: Sleeping          |     2 |     5 ||     7
       Distracted        |     1 |       ||     1
  Eat: Chunk             |     2 |       ||     2
Armor: Skin              |       |     2 ||     2
Dodge: Dodged            |    29 |    35 ||    64

Table legend:
 A = Spawn XP
 B = Non-spawn XP
 C = Spawn XP percentage of total XP
 D = Spawn monster count
 E = Non-spawn monster count
 F = Spawn count percentage of total count
 G = Total turns spent on level
                    A         B        C        D         E        F      G
               +---------+---------+-------+---------+---------+-------+---------
         Total |       0 |     281 |   0.0 |       0 |      37 |   0.0 |  1330
               +---------+---------+-------+---------+---------+-------+---------
           D:1 |       0 |       7 |   0.0 |       0 |       4 |   0.0 |   158
           D:2 |       0 |      21 |   0.0 |       0 |       8 |   0.0 |   246
           D:3 |       0 |      22 |   0.0 |       0 |       7 |   0.0 |   240
           D:4 |       0 |     103 |   0.0 |       0 |       3 |   0.0 |    92
           D:5 |       0 |     122 |   0.0 |       0 |      11 |   0.0 |   459
         Sewer |       0 |       6 |   0.0 |       0 |       4 |   0.0 |   133
               +---------+---------+-------+---------+---------+-------+---------

Table legend:
 A = Turns spent in this place as a percentage of turns spent in the entire game.
 B = Non-inter-level travel turns spent in this place as a percentage of non-inter-level travel turns spent in the entire game.
 C = Inter-level travel turns spent in this place as a percentage of turns spent in this place.
 D = Turns resting spent in this place as a percentage of non-inter-level travel turns spent in this place.
 E = Turns spent auto-exploring this place as a percentage of non-inter-level travel turns spent in this place.
 F = Non-inter-level travel turns spent in this place divided by the number of levels of this place that you've seen.
                   A       B       C       D       E      F
               +-------+-------+-------+-------+-------+----------------------
         Total | 100.0 | 100.0 |   0.0 |   0.0 |   0.0 | 190.0
       Dungeon |  90.0 |  90.0 |   0.0 |   0.0 |   0.0 | 199.5
         Sewer |  10.0 |  10.0 |   0.0 |   0.0 |   0.0 | 133.0
               +-------+-------+-------+-------+-------+----------------------

Table legend:
 A = Kills in this place as a percentage of kills in entire the game.
 B = Kills by you in this place as a percentage of kills by you in the entire game.
 C = Kills by friends in this place as a percentage of kills by friends in the entire game.
 D = Other kills in this place as a percentage of other kills in the entire game.
 E = Experience gained in this place as a percentage of experience gained in the entire game.
 F = Experience gained in this place divided by the number of levels of this place that you have seen.
                   A       B       C       D       E      F
               +-------+-------+-------+-------+-------+----------------------
         Total | 100.0 | 100.0 | 100.0 |   N/A | 100.0 |  40.1
       Dungeon |  89.2 |  93.9 |  50.0 |   N/A |  97.9 |  45.8
         Sewer |  10.8 |   6.1 |  50.0 |   N/A |   2.1 |   6.0
               +-------+-------+-------+-------+-------+----------------------

Vault maps used:
D:1:      dpeg_arrival_simpleton_b, minmay_misc_feat_tower,
          minmay_misc_feat_doors, hangedman_decor_push
D:2:      chequers_ecumenical_altar_simple_redux
D:4:      serial_shops, nicolae_shop_stone, first_bread,
          kennysheep_generic_room_11
D:5:      minmay_temple_entry_enclosed_plants, portal_sewer_entry_f, bloody_trog
D:6:      serial_shops, kennysheep_mini, uniq_prince_ribbit1, uniq_pikel
Sewer:    sewer_the_crocodile
